 Dungeon Crawl Stone Soup version 0.29.1-15-g9cfb28693d (webtiles) character file.

Game seed: 17900262288906625665

2499 redmage the Geomancer (level 10, -8/69 HPs)
             Began as a Meteoran Earth Elementalist on Sept 7, 2023.
             Was a Priest of Lugonu.
             Mangled by a six-headed hydra (12 damage)
             ... on level 1 of the Lair of Beasts.
             The game lasted 00:22:17 (1793 turns).

redmage the Geomancer (Meteoran Earth Elementalist) Turns: 1793, Time: 00:22:18

Health: -8/69      AC:  7    Str: 10    XL:     10   Next: 8%
Magic:  11/23      EV: 16    Int: 21    God:    Lugonu [***...]
Gold:   462        SH:  0    Dex: 15    Spells: 20/26 levels left

rFire   . . .      SeeInvis .   s - +3 short sword
rCold   . . .      Faith    .   (no shield)
rNeg    . . .      Spirit   .   w - +0 troll leather armour
rPois   +          Reflect  .   a - +2 helmet
rElec   .          Harm     .   (no cloak)
rCorr   .          Rampage  .   (no gloves)
Will    +....                   (no boots)
Stlth   +.........              (no amulet)
HPRegen 1.01/turn               o - ring of poison resistance
MPRegen 0.18/turn               z - +4 ring of evasion

@: glowing
A: sense surroundings 2, otherworldly, glowing, explore regen
a: Renounce Religion, Depart the Abyss, Bend Space, Banish


You were on level 1 of the Lair of Beasts.
You worshipped Lugonu.
Lugonu was most pleased with you.
You visited 2 branches of the dungeon, and saw 12 of its levels.
You also visited: Sewer.

You collected 462 gold pieces.

Inventory:

Hand Weapons
 s - a +3 short sword (weapon)
 y - the +8 long sword of the Burning Fox {vorpal, Will- Str+4 Dex+3}
   (You found it on level 9 of the Dungeon)

   It inflicts extra damage upon your enemies.
   Str:       It affects your strength (+4).
   Dex:       It affects your dexterity (+3).
   Will:      It decreases your willpower.
Missiles
 x - 8 poisoned darts
Armour
 a - a +2 helmet (worn)
 u - a +0 robe of willpower
 w - a +0 troll leather armour (worn)
Jewellery
 o - a ring of poison resistance (left hand)
 z - a +4 ring of evasion (right hand)
Wands
 p - a wand of roots (13)
Scrolls
 c - 2 scrolls of teleportation
 e - a scroll of enchant weapon
 h - 2 scrolls of summoning
 i - a scroll of magic mapping
 q - 2 scrolls of torment
Potions
 b - 2 potions of magic
 d - 2 potions of curing {unknown}
 f - 3 potions of berserk rage {unknown}
 g - a potion of invisibility {unknown}
 j - a potion of lignification {unknown}
 k - a potion of ambrosia {unknown}
 l - a potion of attraction {unknown}
 m - 2 potions of haste {unknown}
 n - a potion of heal wounds {unknown}
 r - 2 potions of degeneration {unknown}
 t - a potion of might {unknown}
 A - a potion of flight {unknown}


   Skills:
 - Level 2.4 Dodging
 - Level 1.4 Stealth
 + Level 8.8 Spellcasting
 - Level 6.0 Conjurations
 - Level 1.2 Transmutations
 + Level 9.2 Earth Magic
 + Level 7.4 Invocations


You had 20 spell levels left.
You knew the following spells:

 Your Spells              Type           Power      Damage    Failure   Level
a - Sandblast             Erth           96%        2d20      1%          1
b - Passwall              Tmut/Erth      25%        N/A       1%          2
c - Stone Arrow           Conj/Erth      82%        3d12      1%          3

Your spell library contained the following spells:

 Spells                   Type           Power      Damage    Failure   Level
 Petrify                  Tmut/Erth      31%        N/A       12%         4


Dungeon Overview and Level Annotations

Branches:
Dungeon (11/15) Zot: 4950  Temple (0/1) D:6            Lair (1/5) D:9 Zot: 588
  Sewer (visited)
    Orc: D:9-12

Altars:
Ashenzari
Elyvilon
Gozag
Kikubaaqudgha
Uskayaw
Yredelemnul
Lugonu

Annotations:
D:8 1 runed translucent door


Innate Abilities, Weirdness & Mutations

You passively map the area around you.
You are easily found by Zot.
You glow in the dark.
You regain HP and MP as you explore.


Message History

Items here: ( )) †.
x - 8 poisoned darts (gained 2)
Things that are here:
a +0 whip of flaming; a kobold corpse
Things that are here:
a +0 mace; a +0 dagger; a kobold corpse
There is a staircase to the Lair here.
You climb downwards.
Welcome back to the Lair of Beasts!
The six-headed hydra bites you! The six-headed hydra barely misses you.
The six-headed hydra bites you. The six-headed hydra bites you!
The six-headed hydra misses you. The six-headed hydra bites you.
There is a staircase back to the Dungeon, spattered with blood here.
Press: ? - help, Shift-Dir - straight line, f - six-headed hydra
Aim: a six-headed hydra (chance to affect: 53%)
The six-headed hydra resists with significant effort.
The six-headed hydra bites you but does no damage.
The six-headed hydra bites you! The six-headed hydra bites you. x2
The six-headed hydra bites you!
* * * LOW HITPOINT WARNING * * *
The six-headed hydra bites you but does no damage.
Unknown command.
Unknown command.
Press: ? - help, Shift-Dir - straight line, f/p - six-headed hydra
Aim: a six-headed hydra (chance to affect: 53%)
The six-headed hydra resists with significant effort.
The six-headed hydra misses you. The six-headed hydra barely misses you.
The six-headed hydra bites you but does no damage.
The six-headed hydra bites you!
* * * LOW HITPOINT WARNING * * *
The six-headed hydra misses you. The six-headed hydra bites you.
* * * LOW HITPOINT WARNING * * *
Unknown command.
Unknown command.
Unknown command.
Press: ? - help, Shift-Dir - straight line, f/p - six-headed hydra
Aim: a six-headed hydra (chance to affect: 53%)
The six-headed hydra resists with significant effort.
You can no longer corrupt the fabric of space.
The six-headed hydra bites you!
You die...

, ,
............... ,
* *
#...............
, ,*
##...............
* , *
#................
* , *
#...............
, * * ,,
#.............. ,
,* ,
#..............
#....[.D..# ,, ,,
, ,* #.....@...#
,, , ,
,...........# , ,
##...#.##..# ,,,
, , #.. #. #$.#
,, , #.. #.,#.!P.
, , , ##, ,#.
...... , ,, , , *
* #. #...... , ,
, .. #....#. , ,
, , , , ,


You could see a six-headed hydra.

Vanquished Creatures
  Pikel (D:8)
  A troll (D:9)
  A wyvern (D:9)
  A steam dragon (D:8)
  2 water moccasins
  2 orc warriors
  A black bear (D:8)
  2 ogres
  A centaur (D:8)
  2 necrophages
  A kobold brigand (D:9)
  2 bullfrogs
  A gnoll sergeant (D:9)
  A scorpion (D:6)
  3 orc priests
  A jelly (D:8)
  An iguana (D:6)
  2 orc wizards (D:9)
  5 gnolls (D:9)
  4 river rats (Sewer)
  5 adders
  2 shadow imps (D:5)
  An ufetubus (D:6)
  A worm (D:5)
  21 orcs
  2 endoplasms (D:1)
  6 giant cockroaches
  A goblin (D:3)
  2 hobgoblins (D:2)
  3 jackals (D:4)
  6 kobolds
  2 quokkas
  8 ball pythons
  3 frilled lizards (Sewer)
  A goblin skeleton (D:8)
  7 rats
106 creatures vanquished.

Notes
Turn   | Place    | Note
-------+----------+-------------------------------------------
     0 | D:1      | redmage the Meteoran Earth Elementalist began the quest for
                  | the Orb.
     0 | D:1      | Reached XP level 1. HP: 14/14 MP: 5/5
    75 | D:1      | Found a faded altar of an unknown god.
    78 | D:1      | Prayed at the altar of an unknown god.
    78 | D:1      | Became a worshipper of Lugonu the Unformed
    78 | D:1      | Reached * piety under Lugonu
    78 | D:1      | Reached ** piety under Lugonu
   100 | D:1      | Reached XP level 2. HP: 14/20 MP: 5/7
   110 | D:1      | Learned a level 2 spell: Passwall
   153 | D:2      | Reached skill level 4 in Earth Magic
   215 | D:2      | Reached XP level 3. HP: 26/26 MP: 6/8
   279 | D:4      | Noticed an ogre
   289 | D:4      | Killed an ogre
   290 | D:4      | Reached skill level 5 in Earth Magic
   290 | D:4      | Reached XP level 4. HP: 5/33 MP: 4/11
   290 | D:4      | Reached XP level 5. HP: 6/38 MP: 4/13
   346 | D:4      | Found a glowing drain.
   361 | Sewer    | Entered a sewer
   375 | Sewer    | Learned a level 3 spell: Stone Arrow
   391 | Sewer    | Reached skill level 5 in Spellcasting
   404 | Sewer    | Reached XP level 6. HP: 44/45 MP: 9/14
   440 | Sewer    | Reached skill level 1 in Conjurations
   446 | Sewer    | Reached *** piety under Lugonu
   646 | D:5      | Entered Level 5 of the Dungeon
   650 | D:5      | Found a broken altar of Ashenzari.
   751 | D:5      | Found a transporter.
   768 | D:5      | Found a transporter.
   807 | D:5      | Reached skill level 6 in Earth Magic
   881 | D:6      | Reached XP level 7. HP: 50/50 MP: 9/16
   883 | D:6      | Reached skill level 1 in Invocations
   909 | D:6      | Noticed a water moccasin
   916 | D:6      | Killed a water moccasin
   964 | D:6      | Reached XP level 8. HP: 57/57 MP: 14/18
   984 | D:6      | Found a staircase to the Ecumenical Temple.
  1069 | D:8      | Reached skill level 5 in Conjurations
  1082 | D:8      | Found a runed translucent door.
  1082 | D:8      | Noticed a human
  1086 | D:8      | Found a basalt altar of Yredelemnul.
  1114 | D:8      | Reached **** piety under Lugonu
  1203 | D:8      | Found an opulent altar of Gozag.
  1206 | D:8      | Found a hide-covered altar of Uskayaw.
  1208 | D:8      | Found a white marble altar of Elyvilon.
  1221 | D:8      | Noticed a steam dragon
  1227 | D:8      | Killed a steam dragon
  1228 | D:8      | Reached skill level 7 in Earth Magic
  1298 | D:8      | Noticed Pikel
  1311 | D:8      | Killed Pikel
  1312 | D:8      | Reached skill level 8 in Earth Magic
  1312 | D:8      | Reached skill level 5 in Invocations
  1312 | D:8      | Gained mutation: You passively map the area around you.
                  | [Meteoran growth]
  1312 | D:8      | Reached XP level 9. HP: 31/62 MP: 2/21
  1420 | D:9      | Found an ancient bone altar of Kikubaaqudgha.
  1449 | D:9      | Found a staircase to the Lair.
  1481 | Lair:1   | Entered Level 1 of the Lair of Beasts
  1482 | Lair:1   | Noticed a six-headed hydra
  1518 | D:9      | Noticed a troll
  1526 | D:9      | Killed a troll
  1575 | D:9      | Reached skill level 9 in Earth Magic
  1611 | D:9      | Reached XP level 10. HP: 69/69 MP: 6/23
  1661 | D:9      | Identified the +8 long sword of the Burning Fox {vorpal,
                  | Will- Str+4 Dex+3}
  1665 | D:10     | Entered Level 10 of the Dungeon
  1706 | D:11     | Noticed a two-headed ogre
  1706 | D:11     | Noticed a two-headed ogre
  1792 | Lair:1   | HP: 3/69 [six-headed hydra (4)]
  1793 | Lair:1   | Mangled by a six-headed hydra

Illustrated notes

Levels and vault maps discovered:
D:1:      minmay_arrival_semitransparent, layout_rooms,
          shapermc_ecumenical_altar_mp_urbaneastern, minmay_tripent
D:2:      layout_basic, kennysheep_boxes
D:3:      layout_loops_ring, grunt_qazlal_sundering, serial_park_tiny_1,
          uniq_pargi
D:4:      layout_rooms, mainiacjoe_overflow_chevrons, portal_sewer_entry_f,
          small_statue_intersection
D:5:      gammafunk_wand_slinger, layout_basic, mainiacjoe_overflow_alcove_4,
          serial_rivers, chequers_serial_rivers_room_a,
          chequers_serial_rivers_marsh, chequers_serial_rivers_micro_c,
          chequers_serial_rivers_marsh, chequers_serial_rivers_small_b,
          chequers_serial_rivers_large_b, serial_bayou_pond_c,
          roderic_serpentine_path, kennysheep_generic_room_8
D:6:      layout_gridville, minmay_temple_entry_statues_pillars,
          palyth_stone_intersect, uniq_menkaure
D:7:      layout_cave_pods, lemuel_crystal_altar
D:8:      layout_rooms, dk_yredelemnul_ordeal, grunt_temple_overflow_diamond,
          uniq_pikel
D:9:      layout_irregular_city, amcnicky_altar_gilded,
          nicolae_ru_path_of_blood, lair_entry_dummy
D:10:     layout_loops_ring, erik_orc_1
D:11:     layout_gridville
Lair:1:   layout_chaotic_city, grunt_megastairs_2, serial_bayou_shore_b,
          lemuel_fruit_tree, infiniplex_staircase_pool_2

Skill      XL: |  1  2  3  4  5  6  7  8  9 |
---------------+----------------------------+-----
Spellcasting   | 3 4 5 6 7 8 |  8.8
Earth Magic    | 4 5 6 8 9 |  9.2
Conjurations   | 3 4 6 |  6.0
Invocations    | 2 5 7 |  7.4
Dodging        | |  2.4
Stealth        | |  1.4
Transmutations | |  1.2

Action                   |  1- 3 |  4- 6 |  7- 9 | 10-12 || total
-------------------------+-------+-------+-------+-------++-------
Melee: Unarmed           |       |     2 |       |       ||     2
 Cast: Sandblast         |    29 |    61 |    49 |    10 ||   149
       Passwall          |     1 |     3 |     3 |       ||     7
       Stone Arrow       |       |     4 |    36 |     5 ||    45
Invok: Banish            |       |       |       |     3 ||     3
  Use: Scroll            |       |       |     5 |     1 ||     6
Armor: Robe              |     2 |       |     4 |       ||     6
       Troll leather arm |       |       |     2 |     5 ||     7
Dodge: Dodged            |     9 |    14 |    20 |     7 ||    50
